AoeStats
← eLROMPECATRE

Scandinavia

510725705Analyzed
1v1 RM · 19h ago on Oct 2, 2026· 38m 51s· 2 players
Game mode
Random Map
Map size
Tiny (2 player)
Population
200
Speed
Normal
Resources
Standard
Victory
Conquest
Starting age
Dark Age
Ending age
Imperial Age
RankedLock teamsTeams togetherTeam positionsShared explorationLock speedFull tech treeHidden civsTurbo modeCheats
Victory
Defeat
🇦🇺 Celts · Australia
735
+14
🇩🇪 Spanish · Germany
698
-14
MuceLee
3:53 Loom
11:18 Feudal Age
13:12 Double-Bit Axe
20:56 Forging
20:47 Scale Mail Armor
23:26 Man-at-Arms
28:29 Castle Age
32:52 Fishing Lines
34:58 Gambesons
37:09 Long Swordsman
eLROMPECATRE
1:56 Loom
10:01 Feudal Age
10:30 Double-Bit Axe
10:38 Horse Collar
10:48 Town Watch
13:32 Gold Mining
15:04 Man-at-Arms
22:29 Stone Mining
25:15 Castle Age
25:41 Wheelbarrow
25:44 Forging
25:34 Scale Mail Armor
26:11 Scale Mail Armor
26:29 Gambesons
27:40 Bow Saw
27:34 Heavy Plow
28:10 Long Swordsman
31:34 Pikeman
Connection lost

Rejoining the realm…

Still unreachable

The connection could not be restored.

Session expired

The server has moved on; the page needs a fresh start.